 Dungeon Crawl Stone Soup version 0.24-a0-779-g36f0aeb843 (webtiles) character file.

Game seed: 8905193251222565987, levelgen mode: deterministic

4135 MalarOregon the Destroyer (level 10, -11/72 HPs)
             Began as a Black Draconian Conjurer on Oct 8, 2019.
             Was an Initiate of Gozag.
             Mangled by a two-headed ogre
             ... wielding a +0 giant spiked club
              (18 damage)
             ... on level 7 of the Dungeon.
             The game lasted 00:24:43 (10466 turns).

MalarOregon the Destroyer (DrCj)                   Turns: 10466, Time: 00:24:44

Health: -11/72     AC:  7    Str: 11    XL:     10   Next: 6%
Magic:  8/23       EV: 12    Int: 19    God:    Gozag
Gold:   465        SH:  0    Dex: 11    Spells: 19/28 levels left

rFire    + . .     SeeInvis .   w - +0 quarterstaff of Prudence {crush, rF+} (curse)
rCold    . . .     Gourm    .   (shield currently unavailable)
rNeg     . . .     Faith    .   (armour unavailable)
rPois    .         Spirit   .   (helmet restricted)
rElec    +         Reflect  .   t - scarf {cloud immunity}
rCorr    .         Harm     .   (no gloves)
MR       .....                  (no boots)
Stlth    ++........             v - amulet of regeneration
HPRegen  0.62/turn              p - ring of flight
MPRegen  0.18/turn              (no ring)

@: gold aura, studying 2 skills
A: breathe lightning, unfitting armour, electricity resistance, cold-blooded, AC
+7
a: Breathe Lightning, Potion Petition, Call Merchant, Bribe Branch, Renounce
Religion, Evoke Flight


You were on level 7 of the Dungeon.
You worshipped Gozag.
Gozag was aware of your devotion.
You were near starving.

You visited 2 branches of the dungeon, and saw 8 of its levels.
You also visited: Bailey.

You collected 857 gold pieces.
You spent 345 gold pieces at shops.
You paid 47 gold pieces to Gozag.

Inventory:

Hand Weapons
 h - a +1 falchion of freezing
   (You found it on level 5 of the Dungeon)
 m - a +1 dagger of speed
   (You took it off a goblin on level 3 of the Dungeon)
 r - a +2 dagger of venom
   (You took it off an orc wizard on level 4 of the Dungeon)
 u - the +1 dagger "Lamusuem" {holy, MR+ Str+4 Dex-3}
   (You found it on level 6 of the Dungeon)

   It has been blessed by the Shining One to cause great damage to the undead
   and demons.
   It affects your strength (+4).
   It affects your dexterity (-3).
   It affects your resistance to hostile enchantments.
 w - the cursed +0 quarterstaff of Prudence (weapon) {crush, rF+}
   (You found it on level 6 of the Dungeon)

   It inflicts extra damage upon your enemies.
   It protects you from fire.
   It has a curse placed upon it.
Missiles
 k - a throwing net (quivered) {!f}
Armour
 t - a scarf of cloud immunity (worn)
   (You found it on level 7 of the Dungeon)
Jewellery
 p - a ring of flight (left hand)
   (You found it on level 4 of the Dungeon)
 v - an amulet of regeneration (around neck)
   (You took it off a gnoll on level 5 of the Dungeon)
 x - an uncursed ring of stealth {unknown}
   (You found it on level 6 of the Dungeon)
Scrolls
 b - a scroll of teleportation {@r4}
 c - a scroll of enchant weapon
 d - 3 scrolls of identify {@r1}
 g - 2 scrolls of enchant armour
 l - a scroll of fog {unknown}
 n - 3 scrolls of magic mapping
 o - a scroll of immolation {unknown}
Potions
 a - 3 potions of heal wounds {@q2}
 f - 3 potions of haste {@q3}
 i - 6 potions of might
 j - a potion of mutation {!q}
 q - a potion of berserk rage
 s - a potion of magic
 z - a potion of lignification {!q}
 A - a potion of brilliance
 B - a potion of experience
Books
 y - a manual of Shields {!d}
   (You found it in a bailey)
 C - a manual of Fighting {!d}
   (You found it in a bailey)
Comestibles
 e - a ration {!d}


   Skills:
 + Level 1.5 Fighting
 - Level 1.7 Dodging
 - Level 1.7 Stealth
 + Level 1.5 Shields
 * Level 9.6 Spellcasting
 * Level 10.9 Conjurations


You had 19 spell levels left.
You knew the following spells:

 Your Spells              Type           Power        Failure   Level  Hunger
a - Magic Dart            Conj           ####         1%          1    None
x - Iskenderun's Mystic   Conj           ######..     1%          4    ###....
z - Fulminant Prism       Conj/Hex       ####......   9%          4    ###....

Your spell library contained the following spells:

 Spells                   Type           Power        Failure   Level  Hunger
 Searing Ray              Conj           ######       1%          2    None
 Dazzling Spray           Conj/Hex       ####..       2%          3    None
 Stone Arrow              Conj/Erth      ####..       2%          3    None
 Confusing Touch          Hex            #.....       8%          1    None
 Sandblast                Erth           #.....       8%          1    None
 Force Lance              Conj/Tloc      ####....     9%          4    ###....
 Passwall                 Tmut/Erth      #.......     12%         2    None
 Confuse                  Hex            #.......     24%         3    None
 Gell's Gravitas          Tloc           #.........   24%         3    None
 Petrify                  Tmut/Erth      #.......     61%         4    ###....
 Lee's Rapid Deconstruct  Erth           #.........   91%         5    #####..
 Metabolic Englaciation   Hex/Ice        #.........   91%         5    #####..
 Yara's Violent Unravell  Hex/Tmut       #.........   91%         5    #####..


Dungeon Overview and Level Annotations

Branches:
Dungeon (7/15)             Temple (1/1) D:4          Bailey (visited)

Altars:
Ashenzari
Cheibriados
Dithmenos
Elyvilon
Fedhas
Gozag
Hepliaklqana
Kikubaaqudgha
Makhleb
Nemelex Xobeh
Qazlal
Ru
Sif Muna
Uskayaw
Vehumet
Wu Jian
Xom
Yredelemnul
The Shining One

Shops:
D:6 (


Innate Abilities, Weirdness & Mutations

You can breathe wild blasts of lightning.
Your glossy black scales are hard. (AC +7)
You cannot fit into any form of body armour.
You are resistant to electric shocks. (rElec)
You are cold-blooded and may be slowed by cold attacks.


Message History

You kill the shadow imp!
You are feeling very hungry.
You conjure a prism of explosive energy!
Your fulminant prism crackles loudly.
Something hits your fulminant prism.
The blast of energy engulfs the two-headed ogre!
The jelly hits you but does no damage.
The orb of energy hits the jelly!!
You kill the jelly!
There is an open door here.
The bullfrog skeleton hits you but does no damage. x2
The bullfrog skeleton hits you. The bullfrog skeleton hits you.
The bullfrog skeleton hits you but does no damage.
The bullfrog skeleton hits you.
The bullfrog skeleton hits you but does no damage.
The bullfrog skeleton hits you. The two-headed ogre closely misses you.
The two-headed ogre hits you with a +0 giant club!
You see here a +0 spear.
Things that are here:
a +0 halberd; a +0 spear The bullfrog skeleton hits you but does no damage.
The bullfrog skeleton hits you but does no damage.
The bullfrog skeleton hits you but does no damage.
Things that are here:
a +0 whip; a +0 leather armour; a +0 giant spiked club You conjure a prism of explosive energy!
You are near starving!
The bullfrog skeleton hits you.
Your fulminant prism crackles loudly.
The blast of energy engulfs the two-headed ogre!
The blast of energy engulfs the bullfrog skeleton!
You destroy the bullfrog skeleton!
Okay, then.
Okay, then.
You conjure a prism of explosive energy!
The two-headed ogre hits you with a +0 giant spiked club!
The two-headed ogre hits you with a +0 giant club!!
* * * LOW HITPOINT WARNING * * *
Unknown command.
Your fulminant prism crackles loudly.
The blast of energy engulfs the two-headed ogre!
Aim: a two-headed ogre, wielding a +0 giant spiked club and a +0 giant club (moderately wounded)
The orb of energy hits the two-headed ogre.
The two-headed ogre hits you with a +0 giant spiked club!!
* * * LOW HITPOINT WARNING * * *
The two-headed ogre hits you with a +0 giant club!!
You die...
Your body crumbles into a pile of gold.

##.....####...
##....#...#..#
##......###...#
#######.......#####.#
######........#.....#
##.
#......))...######..#
## #.≈≈≈≈≈)≈..## ####
# #.≈##)##≈..#
#.≈#...#≈@.#
#.≈#.∩.#≈O.#
#.≈#...#≈..#
#.≈#####≈..#
#.≈≈≈≈≈≈≈..#
##.....)$..##
#..######### ##.##
#.##


You could see a two-headed ogre.

Vanquished Creatures
  An orc knight (Bailey)
  Grinder (D:6)
  A hippogriff (D:6)
  Sigmund (D:6)
  A hungry ghost (D:7)
  Duvessa (D:6)
  A sky beast (D:7)
  8 orc warriors (Bailey)
  An ogre (D:7)
  3 ice beasts
  3 centaurs
  7 bullfrogs
  Dowan (D:6)
  A scorpion (D:7)
  A howler monkey (D:4)
  2 crimson imps (D:6)
  3 orc priests
  A hound (D:5)
  3 jellies
  2 orc wizards
  A bullfrog skeleton (D:7)
  A centaur skeleton (D:3)
  A gnoll shaman (D:7)
  An iguana (D:5)
  4 worker ants
  A hound skeleton (D:3)
  A howler monkey zombie (D:6)
  12 gnolls
  A worker ant zombie (D:6)
  8 adders
  2 shadow imps
  An ooze (D:3)
  An adder zombie (D:5)
  5 worms
  2 dart slugs (D:2)
  4 leopard geckos
  34 orcs
  A giant cockroach (D:2)
  11 goblins
  7 hobgoblins
  4 jackals (D:5)
  9 kobolds
  3 quokkas
  2 ball pythons
  7 bats
  2 frilled lizards
  A jackal zombie (D:5)
  A leopard gecko skeleton (D:7)
  10 rats
181 creatures vanquished.

Vanquished Creatures (others)
  3 fulminant prisms (D:7)
3 creatures vanquished.

Grand Total: 184 creatures vanquished

Notes
Turn   | Place    | Note
-------+----------+-------------------------------------------
     0 | D:1      | MalarOregon the Draconian Conjurer began the quest for the
                  | Orb.
     0 | D:1      | Reached XP level 1. HP: 14/14 MP: 3/3
   230 | D:1      | Reached XP level 2. HP: 20/20 MP: 0/5
  1010 | D:2      | Found a stormy altar of Qazlal.
  1077 | D:2      | Reached XP level 3. HP: 22/26 MP: 2/7
  1852 | D:2      | Found a faded altar of an unknown god.
  1904 | D:2      | Noticed a bullfrog
  1921 | D:2      | Killed a bullfrog
  1921 | D:2      | Reached skill level 5 in Conjurations
  1921 | D:2      | Reached XP level 4. HP: 11/33 MP: 0/9
  2124 | D:2      | Learned a level 4 spell: Iskenderun's Mystic Blast
  2199 | D:2      | Found a snail-covered altar of Cheibriados.
  2543 | D:3      | Reached XP level 5. HP: 34/38 MP: 1/10
  3001 | D:3      | Found a shattered altar of Ashenzari.
  3330 | D:2      | Found a faded altar of an unknown god.
  3417 | D:2      | Found a stormy altar of Qazlal.
  3500 | D:2      | Found a snail-covered altar of Cheibriados.
  3865 | D:3      | Reached XP level 6. HP: 37/45 MP: 12/12
  3889 | D:3      | Reached skill level 6 in Conjurations
  4254 | D:4      | Found a staircase to the Ecumenical Temple.
  4558 | Temple   | Entered the Ecumenical Temple
  4589 | Temple   | Became a worshipper of Gozag Ym Sagoz the Greedy
  4890 | D:4      | Found Garch's Magic Scroll Boutique.
  4899 | D:4      | Bought a scroll of teleportation for 30 gold pieces
  4899 | D:4      | Bought a scroll of enchant weapon for 75 gold pieces
  4899 | D:4      | Bought a scroll of identify for 20 gold pieces
  5009 | D:4      | Bought a scroll of remove curse for 30 gold pieces
  5079 | D:4      | Reached skill level 5 in Spellcasting
  5206 | D:5      | Entered Level 5 of the Dungeon
  5222 | D:5      | Your scales start taking on a glossy black colour.
  5222 | D:5      | Reached XP level 7. HP: 36/50 MP: 9/14
  5222 | D:5      | Gained mutation: You are resistant to electric shocks.
                  | (rElec) [Black Draconian growth]
  5644 | D:4      | Bought a scroll of enchant armour for 75 gold pieces
  5644 | D:4      | Bought a scroll of identify for 20 gold pieces
  5666 | D:5      | Found a hide-covered altar of Uskayaw.
  5720 | D:5      | Reached skill level 7 in Conjurations
  5904 | D:4      | Bought a scroll of magic mapping for 35 gold pieces
  6162 | D:5      | Found a burning altar of Makhleb.
  6375 | D:4      | Bought a scroll of identify for 20 gold pieces
  6425 | D:6      | Noticed Sigmund
  6451 | D:6      | Found an ornate altar of the Wu Jian Council.
  6570 | D:6      | Reached XP level 8. HP: 45/57 MP: 8/17
  6684 | D:6      | Reached skill level 8 in Conjurations
  6723 | D:4      | Bought 2 scrolls of identify for 40 gold pieces
  6788 | D:6      | Got a slimy dagger
  6789 | D:6      | Identified the cursed +1 dagger "Lamusuem" {holy, MR+ Str+4
                  | Dex-3} (You found it on level 6 of the Dungeon)
  6793 | D:6      | Killed Sigmund
  6952 | D:6      | Noticed Grinder
  6952 | D:6      | Noticed Duvessa
  6972 | D:6      | Killed Duvessa
  6979 | D:6      | Noticed Dowan
  7113 | D:6      | Killed Dowan
  7375 | D:6      | Got a smoking quarterstaff
  7407 | D:6      | Killed Grinder
  7407 | D:6      | Reached skill level 9 in Conjurations
  7565 | D:6      | Found Uwkucame's Weapon Boutique.
  7769 | D:6      | Identified the cursed +0 quarterstaff of Prudence {crush,
                  | rF+} (You found it on level 6 of the Dungeon)
  7964 | D:6      | Reached XP level 9. HP: 54/62 MP: 15/20
  8282 | D:7      | Found a flagged portal.
  8303 | Bailey   | Entered a bailey
  8795 | Bailey   | Reached skill level 10 in Conjurations
  8963 | Bailey   | Noticed an orc knight
  9448 | Bailey   | Killed an orc knight
 10049 | D:7      | Reached skill level 1 in Fighting
 10049 | D:7      | Reached skill level 1 in Shields
 10049 | D:7      | Reached XP level 10. HP: 71/71 MP: 5/23
 10217 | D:7      | Learned a level 4 spell: Fulminant Prism
 10348 | D:7      | Noticed a two-headed ogre
 10466 | D:7      | Mangled by a two-headed ogre

Levels and vault maps discovered:
D:1:      grunt_arrival_lava_bath, layout_basic, chequers_serial_rivers_micro_e
D:2:      layout_loops_ring, nicolae_overflow_crystal_walls,
          nicolae_overflow_hidden_temple, chequers_ecumenical_altar_simple_redux
D:3:      layout_basic, lemuel_doored_altar
D:4:      layout_basic, minmay_temple_entry_water_ring, serial_shops,
          nicolae_shop_stone, first_ration
D:5:      layout_cave_pools, old_standard_altar, bloody_makhleb
D:6:      layout_basic, lemuel_crystal_altar, serial_shops,
          kennysheep_little_box, uniq_grinder, uniq_sigmund, uniq_duvessa
D:7:      minmay_s_stair_smasher, layout_cave_pods, enter_bailey_3,
          serial_bayou_pond_e
Temple:   cyrus_circular_temple

Skill      XL: |  1  2  3  4  5  6  7  8  9 |
---------------+----------------------------+-----
Spellcasting   | 3 4 5 6 7 9 |  9.6
Conjurations   | 5 6 7 9 10 | 10.9
Fighting       | 1 |  1.5
Shields        | 1 |  1.5
Dodging        | |  1.7
Stealth        | |  1.7

Action                   |  1- 3 |  4- 6 |  7- 9 | 10-12 || total
-------------------------+-------+-------+-------+-------++-------
Melee: Unarmed           |     3 |       |       |       ||     3
       Dagger            |    48 |    52 |   119 |       ||   219
       Tailslap          |     4 |    15 |    21 |     1 ||    41
       Spear             |       |    94 |       |       ||    94
       Falchion          |       |       |    34 |       ||    34
       Quarterstaff      |       |       |    63 |     8 ||    71
 Cast: Magic Dart        |    74 |     3 |    98 |       ||   175
       Iskenderun's Myst |       |    17 |    96 |    10 ||   123
       Fulminant Prism   |       |       |       |     3 ||     3
 Abil: Breathe Lightning |       |       |     5 |       ||     5
       Evoke Flight      |       |       |     1 |       ||     1
Evoke: Wand              |       |       |     4 |       ||     4
  Use: Scroll            |       |       |    14 |       ||    14
       Potion            |       |       |     2 |       ||     2
 Stab: Sleeping          |     1 |     3 |     2 |       ||     6
       Distracted        |       |       |     1 |       ||     1
  Eat: Chunk             |     4 |    11 |       |       ||    15
       Ration            |       |     1 |     8 |       ||     9
Armor: Skin              |    19 |    31 |    97 |    11 ||   158
Dodge: Dodged            |    41 |    76 |   191 |     6 ||   314
       Rpst.: Falchion   |       |       |    11 |       ||    11

Table legend:
 A = Non-vault XP
 B = Vault XP
 C = Vault XP percentage of total XP
 D = Non-vault monster count
 E = Vault monster count
 F = Vault count percentage of total count
                 A         B        C        D         E       F
            +---------+---------+-------+---------+---------+-------
      Total |    2868 |    3040 |  51.5 |     140 |      41 |  22.7
            +---------+---------+-------+---------+---------+-------
        D:1 |      52 |       0 |   0.0 |      26 |       0 |   0.0
        D:2 |     143 |       0 |   0.0 |      15 |       0 |   0.0
        D:3 |     258 |       0 |   0.0 |      31 |       0 |   0.0
        D:4 |     255 |       0 |   0.0 |      17 |       0 |   0.0
        D:5 |     678 |       0 |   0.0 |      20 |       0 |   0.0
        D:6 |     757 |    1039 |  57.9 |      18 |       6 |  25.0
        D:7 |     725 |     280 |  27.9 |      13 |       9 |  40.9
     Bailey |       0 |    1721 | 100.0 |       0 |      26 | 100.0
            +---------+---------+-------+---------+---------+-------
